 Dungeon Crawl Stone Soup version 0.29-a0-1033-gb6c65ffae6 (webtiles) character file.

Game seed: 10860156341879905583

856 wingedge the Chucker (level 8, -4/60 HPs)
             Began as a Human Wanderer on Aug 14, 2022.
             Was an Initiate of Fedhas.
             Shot with an arrow by a centaur (8 damage)
             ... on level 5 of the Dungeon.
             The game lasted 00:16:12 (4791 turns).

wingedge the Chucker (Human Wanderer)               Turns: 4791, Time: 00:16:14

Health: -4/60      AC:  6    Str: 18      XL:     8   Next: 22%
Magic:  7/13       EV: 11    Int:  9      God:    Fedhas [......]
Gold:   162        SH:  0    Dex: 10 (11) Spells: 12/13 levels left

rFire   . . .      SeeInvis .   p - +2 dagger (freeze)
rCold   . . .      Faith    .   (no shield)
rNeg    . . .      Spirit   .   g - +3 leather armour
rPois   .          Reflect  .   (no helmet)
rElec   .          Harm     .   (no cloak)
rCorr   .          Rampage  .   (no gloves)
Will    .....                   (no boots)
Stlth   ++........              (no amulet)
HPRegen 0.20/turn               (no ring)
MPRegen 0.13/turn               (no ring)

@: about to teleport
A: dopey 1, high MP 1
a: Renounce Religion


You were on level 5 of the Dungeon.
You worshipped Fedhas.
Fedhas was noncommittal.
You visited 1 branch of the dungeon, and saw 5 of its levels.

You collected 162 gold pieces.

Inventory:

Hand Weapons
 a - a +2 dagger
 p - a +2 dagger of freezing (weapon)
 q - a +0 quarterstaff
Missiles
 e - 7 poisoned darts
 o - a boomerang (quivered)
Armour
 c - a +0 ring mail
 g - a +3 leather armour (worn)
Scrolls
 h - a scroll of noise
 k - 2 scrolls of identify
 m - 2 scrolls of magic mapping
 n - a scroll of fog {unknown}
 s - a scroll of vulnerability {unknown}
Potions
 d - a potion of attraction
 f - 2 potions of flight


   Skills:
 + Level 4.0 Fighting
 - Level 2.0 Short Blades
 - Level 4.0 Throwing
 - Level 3.0 Armour
 - Level 1.0 Dodging
 - Level 3.0 Stealth
 - Level 3.0 Spellcasting
 - Level 1.0 Hexes
 - Level 3.0 Summonings
 - Level 1.0 Transmutations
 - Level 2.0 Invocations
 - Level 4.0 Evocations


You had 12 spell levels left.
You knew the following spells:

 Your Spells              Type           Power      Damage    Failure   Level
a - Summon Small Mammal   Summ           24%        N/A       11%         1

Your spell library contained the following spells:

 Spells                   Type           Power      Damage    Failure   Level
 Beastly Appendage        Tmut           6%         N/A       24%         1
 Sting                    Tmut/Pois      8%         1d3       28%         1
 Wereblood                Tmut           3%         N/A       34%         2
 Summon Guardian Golem    Hex/Summ       4%         N/A       43%         3
 Poisonous Vapours        Pois/Air       2%         N/A       47%         2
 Spider Form              Tmut/Pois      2%         N/A       65%         3
 Olgreb's Toxic Radiance  Pois           1%         N/A       98%         4


Dungeon Overview and Level Annotations

Branches:
Dungeon (5/15)             Temple (0/1) D:5

Altars:
Fedhas
Makhleb
Vehumet
Yredelemnul

Annotations:
D:4 2 transporters


Innate Abilities, Weirdness & Mutations

You are dopey. (Int -2)
You have an increased reservoir of magic. (+10% MP)


Message History

Your bat hits the orc. The orc barely misses you.
The orc hits you but does no damage.
An orc wizard comes into view. It is wielding a +0 dagger.
You feel your dexterity returning.
Training target 4.0 for Evocations reached!
Your Evocations skill increases to level 4!
You need to enable at least one skill for training.
You aren't carrying any items that you can evoke.
Unknown command.
As you read the scroll of identify, it crumbles to dust.
h - a scroll of noise Your bat completely misses the centaur.
Your bat barely misses the orc.
Your bat hits the orc.
The centaur shoots an arrow.
The arrow closely misses you.
The arrow hits the orc.
The orc dies!
The orc hits you but does no damage.
The centaur shoots an arrow.
The arrow hits you but does no damage.
As you read the scroll of identify, it crumbles to dust.
l - a scroll of teleportation Your bat hits the centaur.
Your bat barely misses the orc.
The centaur shoots an arrow.
The arrow barely misses your bat. The arrow hits you.
* * * LOW HITPOINT WARNING * * *
The orc zaps a wand.
Your mind is blasted!
* * * LOW HITPOINT WARNING * * *
As you read the scroll of teleportation, it crumbles to dust.
You feel strangely unstable.
Your bat hits the centaur but does no damage.
The orc barely misses you.
Okay, then.
Casting: Summon Small Mammal (safe; 11% risk of failure)
Confirm with . or Enter, or press ? or * to list all spells.
Okay, then.
Casting: Summon Small Mammal (safe; 11% risk of failure)
Confirm with . or Enter, or press ? or * to list all spells.
Your bat disappears in a puff of smoke!
Your bat hits the centaur but does no damage.
The centaur shoots an arrow.
The arrow hits you!
You die...
Fedhas appreciates your contribution to the ecosystem.

##......##>..# .⌠.#
##..##....#####...#
#.......##........
#######.....⌠..>..
####.........
#.....###...#
#...#b# .⌠.#
#.#####§r.###...#
....o.)@)c.#.....
[.####o##.†..# #.o
#.†.#..# ...#
#..l..## ####
#oS$..# #........
#......#. #....#...
.....###.


You could see a centaur (ally target), an iguana, an orc wizard, 2 orcs, a
friendly bat (summoned) and a friendly rat (summoned).

Vanquished Creatures
  Eustachio (D:5)
  Edmund (D:5)
  A phantom (D:4)
  2 scorpions
  2 necrophages
  A howler monkey (D:5)
  2 hounds
  A hound zombie (D:4)
  7 adders
  An ufetubus (D:4)
  An adder zombie (D:4)
  2 worms (D:2)
  A dart slug (D:2)
  4 orcs
  6 endoplasms
  4 giant cockroaches
  5 goblins
  5 hobgoblins
  6 jackals
  3 quokkas
  6 ball pythons
  4 bats
  A frilled lizard (D:3)
  5 kobolds
  5 rats
77 creatures vanquished.

Vanquished Creatures (collateral kills)
  An adder (D:4)
  2 orcs (D:4)
3 creatures vanquished.

Vanquished Creatures (others)
  An orc (D:5)
1 creature vanquished.

Grand Total: 81 creatures vanquished

Notes
Turn   | Place    | Note
-------+----------+-------------------------------------------
     0 | D:1      | wingedge the Human Wanderer began the quest for the Orb.
     0 | D:1      | wingedge set off with the following items: a +2 dagger, 2
                  | curare-tipped darts, a +0 ring mail, a potion of
                  | attraction; and the following spell memorised: Summon Small
                  | Mammal; and the following spells available to memorise:
                  | Summon Guardian Golem.
     0 | D:1      | Reached XP level 1. HP: 13/13 MP: 4/4
    93 | D:1      | Reached skill level 1 in Summonings
   242 | D:1      | Reached XP level 2. HP: 15/19 MP: 6/6
   334 | D:1      | Reached skill level 1 in Stealth
   473 | D:1      | Reached skill level 1 in Short Blades
   932 | D:2      | Reached skill level 1 in Fighting
  1030 | D:2      | Reached XP level 3. HP: 26/26 MP: 5/7
  1344 | D:2      | Found a faded altar of an unknown god.
  1559 | D:2      | Reached XP level 4. HP: 29/32 MP: 8/8
  1985 | D:3      | Noticed a necrophage
  1995 | D:3      | Killed a necrophage
  1996 | D:3      | Reached XP level 5. HP: 30/38 MP: 7/9
  2994 | D:4      | Reached skill level 1 in Evocations
  2994 | D:4      | Reached XP level 6. HP: 18/46 MP: 8/10
  3345 | D:4      | Found a transporter.
  3348 | D:4      | Noticed an ice beast
  3349 | D:4      | Found a radiant altar of Vehumet.
  3349 | D:4      | Found a transporter.
  3358 | D:4      | Noticed an orc warrior
  3369 | D:4      | Found a blossoming altar of Fedhas.
  3377 | D:4      | Became a worshipper of Fedhas Madash
  3886 | D:4      | Reached skill level 1 in Hexes
  3886 | D:4      | Reached skill level 1 in Invocations
  3903 | D:4      | Found a basalt altar of Yredelemnul.
  4185 | D:4      | Reached skill level 1 in Transmutations
  4185 | D:4      | Reached XP level 7. HP: 34/52 MP: 11/11
  4402 | D:4      | Found a burning altar of Makhleb.
  4591 | D:5      | Entered Level 5 of the Dungeon
  4604 | D:5      | Found a staircase to the Ecumenical Temple.
  4754 | D:5      | Noticed Eustachio
  4766 | D:5      | Noticed Edmund
  4767 | D:5      | Killed Eustachio
  4777 | D:5      | Reached XP level 8. HP: 51/60 MP: 9/12
  4787 | D:5      | Gained mutation: You have an increased reservoir of magic.
                  | (+10% MP) [potion of mutation]
  4787 | D:5      | Gained mutation: You are dopey. (Int -2) [potion of
                  | mutation]
  4787 | D:5      | Killed Edmund
  4789 | D:5      | HP: 3/60 [disintegration (9)]
  4791 | D:5      | Shot with an arrow by a centaur

Illustrated notes

Levels and vault maps discovered:
D:1:      roderic_crop_circles_arrival_small, layout_loops_ring
D:2:      layout_basic, shapermc_ecumenical_altar_flowoftime,
          minmay_tiny_reverse_x
D:3:      layout_loops_corners
D:4:      layout_loops_ring, lemuel_zombie_altar_yredelemnul,
          gammafunk_temple_overflow_arena, fedhas_altar_2, kennysheep_little_box
D:5:      layout_rooms, tgw_sif, minmay_temple_entry_junction,
          minmay_crossroads, uniq_eustachio, uniq_crazy_yiuf_cottage,
          uniq_edmund

Skill      XL: |  1  2  3  4  5  6  7  8 |
---------------+-------------------------+-----
Summonings     | 1 2 3 |  3.0
Stealth        | 1 3 |  3.0
Short Blades   | 1 2 |  2.0
Fighting       | 1 2 3 4 |  4.0
Evocations     | 1 3 4 |  4.0
Hexes          | 1 |  1.0
Invocations    | 2 |  2.0
Transmutations | 1 |  1.0
Throwing       | 4 |  4.0
Armour         | |  3.0
Dodging        | |  1.0
Spellcasting   | |  3.0

Action                   |  1- 3 |  4- 6 |  7- 9 || total
-------------------------+-------+-------+-------++-------
Melee: Dagger            |    77 |   127 |    22 ||   226
       Punch             |       |     2 |       ||     2
       Quarterstaff      |       |    21 |    18 ||    39
Throw: Dart              |    33 |     8 |     1 ||    42
       Boomerang         |       |    41 |    10 ||    51
 Cast: Summon Small Mamm |     7 |    18 |    10 ||    35
Evoke: Wand              |       |     2 |    10 ||    12
  Use: Potion            |       |     5 |     1 ||     6
       Scroll            |       |       |     4 ||     4
 Stab: Distracted        |       |     1 |       ||     1
       Sleeping          |       |     3 |       ||     3
Armor: Ring mail         |     7 |       |       ||     7
       Leather armour    |    24 |    44 |    42 ||   110
       Skin              |       |    22 |       ||    22
Dodge: Dodged            |    39 |    75 |    57 ||   171

Table legend: (Time is in decaauts)
 A = Elapsed time spent in this place.
 B = Non-inter-level travel time spent in this place.
 C = Inter-level travel time spent in this place.
 D = Time resting spent in this place.
 E = Time spent auto-exploring this place.
 F = Levels seen in this place.
 G = Mean time per level.
                   A        B        C        D        E       F      G
               +--------+--------+--------+--------+--------+-----+--------+
         Total |   4796 |   4699 |     97 |    850 |   3042 |   5 |  959.2 |
       Dungeon |   4796 |   4699 |     97 |    850 |   3042 |   5 |  959.2 |
               +--------+--------+--------+--------+--------+-----+--------+

Top non-repeatable levels by time:
     D:4: 1685 daAuts
     D:2: 998 daAuts
     D:3: 996 daAuts
     D:1: 914 daAuts
     D:5: 201 daAuts
